 Dungeon Crawl Stone Soup version bcrawl-1.13.5 (webtiles) character file.

Game seed: 3428707662200323608

19306 Anmu the Eclecticist (level 12, 0/59 HPs)
             Began as a Fairy Conjurer on Sept 1, 2019.
             Was an Elder of Sif Muna.
             Killed by divine providence
             ... invoked by a meliai
              (14 damage)
             ... on level 12 of the Dungeon.
             The game lasted 00:44:45 (9444 turns).

Anmu the Eclecticist (Fairy Conjurer)               Turns: 9444, Time: 00:44:45

Health: 0/59       AC: 17    Str:  8    XL:     12   Next: 67%
Magic:  26/42      EV: 26    Int: 31    God:    Sif Muna [****..]
Gold:   653        SH:  7    Dex: 17    Spells: 20/41 levels left

rFire    . . .     SeeInvis .   v - +7 arbalest of Fury {velocity, rPois rF+ Str+2}
rCold    . . .     Gourm    .   (shield currently unavailable)
rNeg     . . .     Faith    .   (armour unavailable)
rPois    +         Spirit   .   y - +2 hat
rElec    +         Reflect  .   t - +2 cloak {+Inv}
rCorr    .         Harm     .   f - +0 pair of gloves of Refuge {+Blink rElec rF- Int+7}
MR       +....                  (no boots)
Stlth    +.........             p - amulet of magic regeneration
HPRegen  0.19/turn              G - ring of magical power
MPRegen  0.53/turn              r - +6 ring of dexterity

@: about to teleport, marked, flying evasively, lightly drained
A: small, magic attunement, unstealthy, unfitting armour, beak, molten scales 1,
slimy green scales 1, clumsy 1, frail 1, able to fly, AC/SH +7
a: Stop Flying, Divine Energy, Channel Magic, Forget Spell, Renounce Religion,
Evoke Blink, Evoke Invisibility


You were on level 12 of the Dungeon.
You worshipped Sif Muna.
Sif Muna was greatly pleased with you.
You were not hungry.

You visited 2 branches of the dungeon, and saw 13 of its levels.

You collected 1043 gold pieces.
You spent 390 gold pieces at shops.

Inventory:

Hand Weapons
 v - the +7 arbalest of Fury (weapon) {velocity, rPois rF+ Str+2}
   (You found it on level 8 of the Dungeon)

   Any bolt fired from it inflicts extra damage.
   It affects your strength (+2).
   It protects you from fire.
   It protects you from poison.
Missiles
 m - 2 throwing nets (quivered) {!f}
Armour
 f - the +0 pair of gloves of Refuge (worn) {+Blink rElec rF- Int+7}
   (You found it on level 4 of the Dungeon)

   It affects your intelligence (+7).
   It makes you vulnerable to fire.
   It insulates you from electricity.
   It lets you blink.
 t - a +2 cloak of invisibility (worn)
 y - a +2 hat (worn)
Magical Staves
 w - an uncursed staff of death
Jewellery
 i - an uncursed ring of protection from fire
 l - an uncursed ring of resist corrosion
 p - an amulet of magic regeneration (around neck)
 r - a +6 ring of dexterity (right hand)
 F - an uncursed ring of protection from magic
 G - a ring of magical power (left hand)
Wands
 q - a wand of paralysis (2)
 s - a wand of flame (18)
 B - a wand of digging (7)
 C - a wand of acid (4)
Scrolls
 a - a scroll of amnesia
 c - 2 scrolls of blinking
 d - a scroll of teleportation
 e - 8 scrolls of identify
 g - 5 scrolls of remove curse
 k - 2 scrolls of magic mapping
 n - a scroll of immolation
 z - a scroll of fog
 E - a scroll of enchant weapon
Potions
 h - 3 potions of lignification
 j - a potion of heal wounds
 o - a potion of resistance
 u - 3 potions of agility
 D - a potion of curing
Comestibles
 b - 22 rations {!d}


   Skills:
 * Level 11.8(11.6) Dodging
 + Level 3.0(2.8) Stealth
 + Level 15.0(14.8) Spellcasting
 + Level 13.7(13.5) Conjurations
 + Level 0.8(0.6) Charms
 + Level 5.9(5.7) Summonings
 + Level 2.2(2.1) Translocations
 * Level 2.0(1.8) Evocations


You had 20 spell levels left.
You knew the following spells:

 Your Spells              Type           Power        Failure   Level  Hunger
a - Magic Dart            Conj           ####         0%          1    None
b - Iskenderun's Mystic   Conj           #######.     1%          3    None
c - Orb of Destruction    Conj           #######...   7%          7    None
d - Summon Butterflies    Summ           ######..     1%          1    None
e - Iskenderun's Battles  Conj/Chrm      ######..     3%          5    None
f - Mephitic Cloud        Conj/Pois/Air  ######..     1%          3    None
g - Apportation           Tloc           #####.       1%          1    None

Your spell library contained the following spells:

 Spells                   Type           Power        Failure   Level  Hunger
 Searing Ray              Conj           ######       0%          2    None
 Flame Tongue             Conj/Fire      #####        1%          1    None
 Infusion                 Chrm           ####....     1%          1    None
 Sandblast                Erth           ###...       1%          1    None
 Slow                     Hex            ###.....     1%          1    None
 Sting                    Conj/Pois      ####         1%          1    None
 Blink                    Tloc           N/A          1%          2    None
 Call Imp                 Summ           ######..     1%          2    None
 Throw Frost              Conj/Ice       ######       1%          2    None
 Conjure Flame            Conj/Fire      ######..     1%          3    None
 Stone Arrow              Conj/Erth      ######       1%          3    None
 Fulminant Prism          Conj/Hex       ######....   1%          4    None
 Ensorcelled Hibernation  Hex/Ice        ###...       3%          2    None
 Irradiate                Conj/Tmut      ######....   3%          5    None
 Bolt of Magma            Conj/Fire/Erth ######....   9%          5    None
 Iron Shot                Conj/Erth      ######....   19%         6    None
 Poison Arrow             Conj/Pois      ######....   19%         6    None
 Olgreb's Toxic Radiance  Pois           ###.....     21%         4    None
 Shadow Creatures         Summ           N/A          28%         6    None
 Spellforged Servitor     Conj/Summ      ######....   32%         7    None
 Alistair's Intoxication  Tmut/Pois      ###.....     50%         5    None
 Icicle Burst             Conj/Ice       ######....   71%         7    None
 Dispersal                Tloc           #####.....   78%         6    None
 Borgnjor's Vile Clutch   Necr/Erth      ###.......   97%         6    None
 Darkness                 Hex            ###.......   97%         6    None
 Statue Form              Tmut/Erth      ###......    97%         6    None
 Glaciate                 Conj/Ice/Air   ######....   100%        8    None
 Lehudib's Crystal Spear  Conj/Erth      ######....   100%        8    None
 Time Stop                Chrm/Tloc      N/A          100%        8    None
 Shatter                  Erth           ###.......   100%        9    None


Dungeon Overview and Level Annotations

Branches:
Dungeon (12/12)            Temple (1/1) D:6            Lair (0/6) D:7
    Orc (0/1) D:9
 Vaults: D:11-12     Depths: D:12

Altars:
Ashenzari
Cheibriados
Dithmenos
Elyvilon
Fedhas
Gozag
Hepliaklqana
Kikubaaqudgha
Lugonu
Makhleb
Nemelex Xobeh
Qazlal
Ru
Sif Muna
Trog
Uskayaw
Wu Jian
Xom
Yredelemnul
Zin
The Shining One
Beogh

Shops:
D:4 %}=(   D:10 [


Innate Abilities, Weirdness & Mutations

Your spells do not cause hunger and MP costs are reduced by 1.
Your bright wings attract enemies. (Stealth-)
You cannot fit into any form of body armour.
Your shimmering scales are hard and can block incoming attacks. (AC +7, SH +7)
You are small and have problems with some larger weapons.
You can fly continuously.
You have a beak for a mouth.
You are partially covered in molten scales. (AC +2)
You are partially covered in slimy green scales. (AC +2)
You are clumsy. (Dex -2)
You are frail. (-10% HP)


Message History

A meliai comes into view. It is wielding a +0 hand axe.
You hear a shout! x3
A meliai comes into view. It is wielding a +0 war axe.
A meliai comes into view. It is wielding a +0 hand axe.
Found a fine ring mail.
The meliai invokes the aid of its god against you.
Something smites you!
* * * LOW HITPOINT WARNING * * *
The shadow slips into darkness.
The shadow flickers and vanishes!
A wolf spider zombie comes into view.
As you read the scroll of teleportation, it crumbles to dust.
You feel strangely unstable.
A centaur warrior comes into view.
A catoblepas comes into view.
Okay, then.
The centaur warrior wields a +0 shortbow.
The centaur warrior shoots an arrow.
You block the arrow.
The meliai mumbles some strange prayers to its god against you.
Something smites you!
You die...

....Y...........
..........Z.....
................
...........J....
c..y............
....y..a........
.#.....y...{...(
................
.......@........
....^..$........
...............#
...............#
...............#
...............
...............
...........D...


You could see a seven-headed hydra, a centaur warrior, 3 meliai, a jelly, a
worker ant and a wolf spider zombie.

Vanquished Creatures
  A hydra (D:8)
  2 centaur warriors (D:11)
  2 two-headed ogres
  A death knight (D:12)
  3 skeletal warriors (D:10)
  An obsidian statue (D:11)
  An ugly thing (D:11)
  A kobold demonologist (D:9)
  A troll (shapeshifter) (D:11)
  3 trolls
  A jumping spider (shapeshifter) (D:12)
  4 slime creatures (D:10)
  Prince Ribbit (D:7)
  A hippogriff (D:9)
  Sigmund (D:3)
  A shadow (D:10)
  A wyvern (D:11)
  4 yaks
  A spriggan (shapeshifter) (D:11)
  A human (D:7)
  Grum (D:9)
  A hungry ghost (D:9)
  2 steam dragons
  3 hogs (D:7)
  3 vampire mosquitoes (D:11)
  2 ice beasts
  A black bear (D:7)
  6 orc warriors
  A phantom (D:7)
  3 sky beasts
  8 ogres
  2 necrophages
  6 wolves
  A centaur (D:9)
  A crocodile (D:6)
  A big kobold (D:7)
  6 bullfrogs
  3 scorpions
  7 wights
  4 electric eels
  4 howler monkeys
  6 crimson imps
  2 centaur zombies
  A bullfrog zombie (D:5)
  9 hounds
  4 jellies
  A bullfrog skeleton (D:5)
  14 orc priests
  Crazy Yiuf (D:3)
  6 centaur skeletons
  4 iguanas
  14 orc wizards
  13 worker ants
  2 howler monkey zombies
  2 worker ant zombies
  10 gnolls
  A howler monkey skeleton (D:5)
  8 adders
  A shadow imp (D:8)
  2 oozes
  3 adder skeletons
  4 dart slugs
  8 leopard geckos
  64 orcs
  2 ball pythons (D:1)
  9 bats
  3 giant cockroaches
  7 goblins
  10 hobgoblins
  11 jackals
  8 kobolds
  5 quokkas
  4 frilled lizards
  A leopard gecko skeleton (D:3)
  2 quokka skeletons
  5 rats
345 creatures vanquished.

Notes
Turn   | Place    | Note
-------+----------+-------------------------------------------
     0 | D:1      | Anmu the Fairy Conjurer began the quest for the Orb.
     0 | D:1      | Reached XP level 1. HP: 11/11 MP: 6/6
    28 | D:1      | Reached skill level 5 in Conjurations
    63 | D:1      | Reached XP level 2. HP: 13/17 MP: 7/7
   175 | D:1      | Reached skill level 3 in Spellcasting
   260 | D:1      | Reached XP level 3. HP: 21/21 MP: 9/9
   265 | D:1      | Learned a level 3 spell: Iskenderun's Mystic Blast
   987 | D:2      | Noticed an ogre
   991 | D:2      | Killed an ogre
   991 | D:2      | Reached XP level 4. HP: 27/27 MP: 3/11
   991 | D:2      | Reached XP level 5. HP: 31/31 MP: 3/12
  1379 | D:2      | Reached skill level 4 in Spellcasting
  1622 | D:3      | Found a white marble altar of Elyvilon.
  1630 | D:3      | Noticed Sigmund
  1636 | D:3      | Killed Sigmund
  1636 | D:3      | Reached XP level 6. HP: 36/36 MP: 1/15
  1789 | D:3      | Found an ancient bone altar of Kikubaaqudgha.
  1949 | D:3      | Reached skill level 5 in Spellcasting
  2104 | D:3      | Found a runed door.
  2108 | D:3      | Noticed Crazy Yiuf
  2113 | D:3      | Killed Crazy Yiuf
  2113 | D:3      | Reached XP level 7. HP: 41/41 MP: 5/16
  2276 | D:4      | Gained mutation: You have a beak for a mouth. [potion of
                  | mutation]
  2276 | D:4      | Gained mutation: You are partially covered in icy blue
                  | scales. (AC +2) [potion of mutation]
  2276 | D:4      | Gained mutation: You are agile. (Dex +2) [potion of
                  | mutation]
  2276 | D:4      | Gained mutation: You are resistant to hostile enchantments.
                  | (MR+) [potion of mutation]
  2479 | D:4      | Found Ebuukeas's Jewellery Emporium.
  2499 | D:4      | Found Haaron's Antique Weapon Shoppe.
  2507 | D:4      | Reached skill level 5 in Dodging
  2765 | D:4      | Found Duedgher's Gadget Emporium.
  2813 | D:4      | Got a pair of transparent gloves
  2824 | D:4      | Identified the +0 pair of gloves of Refuge {+Blink rElec
                  | rF- Int+7} (You found it on level 4 of the Dungeon)
  2825 | D:4      | Found Ygukkeck's Food Boutique.
  2993 | D:5      | Entered Level 5 of the Dungeon
  2997 | D:5      | Found a shimmering altar of Xom.
  3006 | D:5      | Reached skill level 6 in Spellcasting
  3090 | D:5      | Reached XP level 8. HP: 46/46 MP: 16/19
  3230 | D:5      | Reached skill level 7 in Spellcasting
  3657 | D:5      | Found a shadowy altar of Dithmenos.
  3657 | D:5      | Found a hazy altar of Hepliaklqana.
  3658 | D:5      | Found a stormy altar of Qazlal.
  3659 | D:5      | Found a glowing silver altar of Zin.
  3659 | D:5      | Found a hide-covered altar of Uskayaw.
  3849 | D:4      | Bought an uncursed amulet of magic regeneration for 390
                  | gold pieces
  3906 | D:6      | Reached skill level 8 in Spellcasting
  3962 | D:6      | Reached XP level 9. HP: 51/51 MP: 17/23
  3964 | D:6      | Reached skill level 10 in Conjurations
  4002 | D:6      | Found a staircase to the Ecumenical Temple.
  4016 | Temple   | Entered the Ecumenical Temple
  4088 | Temple   | Became a worshipper of Sif Muna the Loreminder
  4348 | D:7      | Noticed a troll
  4351 | D:7      | Reached skill level 9 in Spellcasting
  4356 | D:6      | Killed a troll
  4600 | D:6      | Reached * piety under Sif Muna
  4678 | D:7      | Found a staircase to the Lair.
  4761 | D:7      | Reached skill level 10 in Spellcasting
  4784 | D:7      | Learned a level 3 spell: Mephitic Cloud
  4786 | D:7      | Learned a level 1 spell: Summon Butterflies
  4840 | D:7      | Noticed Prince Ribbit
  4853 | D:7      | Killed Prince Ribbit
  4853 | D:7      | Reached skill level 1 in Summonings
  4952 | D:7      | Reached XP level 10. HP: 49/56 MP: 26/26
  4958 | D:7      | Reached ** piety under Sif Muna
  4974 | D:7      | Identified Sif Muna's Handbook of Harmful Summoning (Sif
                  | Muna gifted it to you on level 7 of the Dungeon)
  4974 | D:7      | Received a gift from Sif Muna
  5629 | D:7      | Reached skill level 11 in Spellcasting
  5710 | D:8      | Noticed a five-headed hydra
  5829 | D:8      | Lost mutation: You are resistant to hostile enchantments.
                  | (MR+) [potion of mutation]
  5829 | D:8      | Lost mutation: You are agile. (Dex +2) [potion of mutation]
  5829 | D:8      | Lost mutation: You are partially covered in icy blue
                  | scales. (AC +2) [potion of mutation]
  5829 | D:8      | Gained mutation: You are partially covered in slimy green
                  | scales. (AC +2) [potion of mutation]
  5829 | D:8      | Gained mutation: You are partially covered in molten
                  | scales. (AC +2) [potion of mutation]
  5830 | D:8      | Gained mutation: You are clumsy. (Dex -2) [potion of
                  | mutation]
  5830 | D:8      | Gained mutation: You are very clumsy. (Dex -4) [potion of
                  | mutation]
  5830 | D:8      | Gained mutation: You are frail. (-10% HP) [potion of
                  | mutation]
  5830 | D:8      | Lost mutation: You are very clumsy. (Dex -4) [potion of
                  | mutation]
  5927 | D:8      | Killed a five-headed hydra
  5927 | D:8      | Identified Epross's Papyrus of the Displaced Volcanoes (Sif
                  | Muna gifted it to you on level 8 of the Dungeon)
  5927 | D:8      | Received a gift from Sif Muna
  5927 | D:8      | Reached skill level 12 in Spellcasting
  5927 | D:8      | Reached XP level 11. HP: 54/54 MP: 19/29
  6466 | D:8      | Got a crude arbalest
  6589 | D:9      | Reached skill level 10 in Dodging
  6640 | D:9      | Found a staircase to the Orcish Mines.
  6704 | D:9      | Found a burning altar of Makhleb.
  6759 | D:9      | Found a roughly hewn altar of Beogh.
  7016 | D:9      | Noticed Grum
  7018 | D:9      | Reached *** piety under Sif Muna
  7024 | D:9      | Killed Grum
  7024 | D:9      | Reached skill level 13 in Spellcasting
  7476 | D:10     | Entered Level 10 of the Dungeon
  7476 | D:10     | Found Enked's Antique Armour Shop.
  7496 | D:10     | Learned a level 5 spell: Iskenderun's Battlesphere
  7591 | D:10     | Learned a level 1 spell: Apportation
  7658 | D:10     | Found a bloodstained altar of Trog.
  7702 | D:10     | Reached skill level 5 in Summonings
  7864 | D:10     | Noticed a two-headed ogre
  7866 | D:10     | Killed a two-headed ogre
  7873 | D:10     | Identified Sif Muna's Reference Book on the Nocuous
                  | Mountains (Sif Muna gifted it to you on level 10 of the
                  | Dungeon)
  7873 | D:10     | Received a gift from Sif Muna
  7876 | D:10     | Noticed a skeletal warrior
  7909 | D:10     | Noticed a skeletal warrior
  7941 | D:10     | Noticed a skeletal warrior
  8031 | D:10     | Killed a skeletal warrior
  8091 | D:10     | Killed a skeletal warrior
  8221 | D:10     | Reached XP level 12. HP: 59/59 MP: 20/31
  8226 | D:10     | Reached skill level 14 in Spellcasting
  8690 | D:11     | Noticed a two-headed ogre
  8693 | D:11     | Killed a two-headed ogre
  8719 | D:11     | Identified a scroll of acquirement
  8739 | D:11     | Identified the +7 arbalest of Fury {velocity, rPois rF+
                  | Str+2} (You found it on level 8 of the Dungeon)
  8767 | D:11     | Noticed a centaur warrior
  8773 | D:11     | Killed a centaur warrior
  8831 | D:11     | Identified the +4 scale mail of a ziggurat {Dex+5}
  9000 | D:11     | Identified Sif Muna's Tome of the Destructive Glacier (Sif
                  | Muna gifted it to you on level 11 of the Dungeon)
  9000 | D:11     | Received a gift from Sif Muna
  9011 | D:11     | Learned a level 7 spell: Orb of Destruction
  9063 | D:11     | Noticed a centaur warrior
  9068 | D:11     | Killed a centaur warrior
  9068 | D:11     | Reached skill level 1 in Translocations
  9068 | D:11     | Reached skill level 1 in Evocations
  9190 | D:11     | Noticed a soul eater
  9200 | D:11     | Got a crude hand crossbow
  9201 | D:11     | Identified the +10 hand crossbow of the Trees {velocity,
                  | -Tele Str+5} (You found it on level 11 of the Dungeon)
  9410 | D:12     | Entered Level 12 of the Dungeon
  9419 | D:12     | Noticed a death knight
  9421 | D:12     | Noticed a seven-headed hydra
  9423 | D:12     | Killed a death knight
  9423 | D:12     | Reached **** piety under Sif Muna
  9440 | D:12     | Reached skill level 15 in Spellcasting
  9443 | D:12     | Noticed a centaur warrior
  9443 | D:12     | Noticed a catoblepas
  9444 | D:12     | Killed from afar by a meliai

Skill      XL: |  1  2  3  4  5  6  7  8  9 10 11 12 |
---------------+-------------------------------------+-----
Conjurations   | 5 6 7 8 9 11 13 | 13.7
Spellcasting   | 3 4 5 6 8 10 12 13 15 | 15.0
Dodging        | 3 4 5 6 8 9 11 | 11.8
Stealth        | 2 3 |  3.0
Summonings     | 1 4 5 |  5.9
Translocations | 2 |  2.2
Evocations     | 2 |  2.0
Charms         | |  0.8

Action                   |  1- 3 |  4- 6 |  7- 9 | 10-12 || total
-------------------------+-------+-------+-------+-------++-------
 Cast: Magic Dart        |    66 |    63 |   169 |   113 ||   411
       Iskenderun's Myst |     2 |    20 |   107 |   253 ||   382
       Summon Butterflie |       |       |    39 |   161 ||   200
       Apportation       |       |       |       |    39 ||    39
       Iskenderun's Batt |       |       |       |     6 ||     6
       Orb of Destructio |       |       |       |     8 ||     8
 Abil: Evoke Blink       |       |       |       |     3 ||     3
Evoke: Wand              |       |       |       |     1 ||     1
  Use: Potion            |       |       |    11 |     5 ||    16
       Scroll            |       |       |     8 |     9 ||    17
  Eat: Chunk             |       |     3 |     9 |     9 ||    21
       Ration            |       |       |       |     2 ||     2
Armor: Skin              |     2 |     3 |     6 |    22 ||    33
Dodge: Dodged            |     6 |     6 |    50 |    75 ||   137
Block: Other             |     1 |     2 |    11 |    26 ||    40
